 Dungeon Crawl Stone Soup version 0.29-a0-419-g77450f2105 (webtiles) character file.

Game seed: 15608560394604398069

791 Bruhh the Skirmisher (level 7, -2/61 HPs)
             Began as a Barachi Ice Elementalist on May 18, 2022.
             Was an Initiate of Sif Muna.
             Slain by Grinder (3 damage)
             ... on level 5 of the Dungeon.
             The game lasted 00:12:20 (6293 turns).

Bruhh the Skirmisher (Barachi Ice Elementalist)     Turns: 6293, Time: 00:12:21

Health: -2/61      AC:  2    Str:  9    XL:     7   Next: 88%
Magic:  2/14       EV: 16    Int: 18    God:    Sif Muna [......]
Gold:   268        SH:  0    Dex: 12    Spells: 9/16 levels left

rFire   + . .      SeeInvis .   (no weapon)
rCold   . . .      Faith    .   (no shield)
rNeg    . . .      Spirit   .   a - +0 robe
rPois   .          Reflect  .   (no helmet)
rElec   .          Harm     .   (no cloak)
rCorr   .          Rampage  .   (no gloves)
Will    .....                   (no boots)
Stlth   ++........              v - amulet of regeneration
HPRegen 1.00/turn               b - ring of protection from fire
MPRegen 0.14/turn               f - +4 ring of evasion

@: mighty, freezing walls, flying, hasted, very quick
A: amphibious, slowness 1, strong legs 1, +LOS
a: Hop, Renounce Religion


You were on level 5 of the Dungeon.
You worshipped Sif Muna.
Sif Muna was noncommittal.
You visited 2 branches of the dungeon, and saw 7 of its levels.

You collected 268 gold pieces.

Inventory:

Missiles
 n - a throwing net
Armour
 a - a +0 robe (worn)
Jewellery
 b - a ring of protection from fire (left hand)
 c - a ring of flight
 f - a +4 ring of evasion (right hand)
 o - a ring of poison resistance
 v - an amulet of regeneration (around neck)
Wands
 l - a wand of flame (10)
 t - a wand of paralysis (9)
Scrolls
 d - 3 scrolls of magic mapping
 e - 5 scrolls of teleportation
 j - 2 scrolls of amnesia
 k - 2 scrolls of fear
 p - a scroll of torment
 s - a scroll of noise
 x - a scroll of vulnerability
 y - a scroll of blinking
Potions
 g - a potion of cancellation
 h - a potion of flight
 i - a potion of haste
 q - a potion of magic
 r - a potion of might
 u - 2 potions of ambrosia {unknown}
 w - a potion of lignification {unknown}


   Skills:
 + Level 7.7 Fighting
 - Level 2.1 Dodging
 - Level 1.7 Stealth
 - Level 5.0 Spellcasting
 - Level 6.0 Ice Magic


You had 9 spell levels left.
You knew the following spells:

 Your Spells              Type           Power      Damage    Failure   Level
a - Freeze                Ice            100%       1d11      1%          1
b - Frozen Ramparts       Ice            52%        1d7       3%          3
c - Ozocubu's Armour      Ice            26%        N/A       3%          3

Your spell library contained the following spells:

 Spells                   Type           Power      Damage    Failure   Level
 Sting                    Tmut/Pois      16%        1d3       13%         1
 Poisonous Vapours        Pois/Air       8%         N/A       21%         2
 Tukima's Dance           Hex            4%         N/A       36%         3
 Hailstorm                Conj/Ice       15%        3d5       36%         4
 Ice Form                 Ice/Tmut       15%        N/A       36%         4
 Anguish                  Hex/Necr       2%         N/A       78%         4
 Olgreb's Toxic Radiance  Pois           4%         N/A       78%         4
 Simulacrum               Ice/Necr       7%         N/A       99%         6
 Enfeeble                 Hex            2%         N/A       100%        7


Dungeon Overview and Level Annotations

Branches:
Dungeon (6/15)             Temple (1/1) D:4

Altars:
Ashenzari
Cheibriados
Dithmenos
Elyvilon
Fedhas
Hepliaklqana
Kikubaaqudgha
Makhleb
Nemelex Xobeh
Okawaru
Qazlal
Ru
Sif Muna
Trog
Uskayaw
Vehumet
Wu Jian
Xom
Yredelemnul
Zin
The Shining One

Shops:
D:5 :(:

Annotations:
D:1 2 transporters
D:5 1 runed translucent door, Crazy Yiuf, Grinder


Innate Abilities, Weirdness & Mutations

You are amphibious.
You cover ground slowly.
You can hop short distances.
You have an extended range of vision and can be seen from far away.


Message History

You hit Grinder but do no damage.
Grinder is lightly wounded.
Grinder completely resists.
The wall freezes Grinder but does no damage.
Grinder hits you!
You hit Grinder.
Grinder is lightly wounded.
The frozen ramparts melt away.
Grinder gestures at you. Pain shoots through your body!
You are too injured to fight recklessly!
Casting: Frozen Ramparts (dangerous; 3% risk of failure)
Confirm with . or Enter, or press ? or * to list all spells.
Casting: Frozen Ramparts (dangerous; 3% risk of failure)
Press: ? - help, Dir - look around, f - activate
Okay, then.
Casting: Frozen Ramparts (dangerous; 3% risk of failure)
Confirm with . or Enter, or press ? or * to list all spells.
Casting: Frozen Ramparts (dangerous; 3% risk of failure)
Press: ? - help, Dir - look around, f - activate The walls around you are covered in ice.
Grinder completely resists.
The wall freezes Grinder but does no damage.
Grinder hits you!
You writhe in agony.
* * * LOW HITPOINT WARNING * * *
You feel very buoyant.
You fly up into the air.
Grinder completely resists.
The wall freezes Grinder but does no damage.
Grinder misses you.
It was a potion of haste.
You feel yourself speed up.
The water moccasin hisses angrily.
Grinder resists.
The wall freezes Grinder.
Grinder hits you!
* * * LOW HITPOINT WARNING * * *
Unknown command.
It was a potion of might.
You feel very mighty all of a sudden.
Grinder resists.
The wall freezes Grinder.
Grinder hits you!
* * * LOW HITPOINT WARNING * * *
You writhe in agony.
You die...

##..##.###.......[.......
..#.#.## #...5..........
⌠.#..## ##<...........
..#.## #............
##..# #..###.......
....#####.## ####S##
......)..## #.#
##..###### ##.# ..#.#
#@.# ⌠.#.# #5## ..#.# #.#
##..####### #.#
..........# #.#
..........# ##.#
###.......# #..#
##......# ##..#
##...(#####...#


You could see Grinder and a water moccasin.

Vanquished Creatures
  A water moccasin (D:5)
  An ogre (D:5)
  A black bear (D:4)
  A centaur (D:5)
  A scorpion (D:4)
  A jelly (D:5)
  A hound (D:5)
  A gnoll shaman (D:4)
  An iguana (D:4)
  An orc wizard (D:4)
  7 gnolls
  7 adders
  A worm (D:3)
  11 orcs
  3 endoplasms
  3 giant cockroaches
  8 goblins
  9 hobgoblins
  13 jackals
  6 kobolds
  4 quokkas
  7 ball pythons
  3 bats (D:1)
  2 frilled lizards (D:1)
  8 rats
102 creatures vanquished.

Notes
Turn   | Place    | Note
-------+----------+-------------------------------------------
     0 | D:1      | Bruhh the Barachi Ice Elementalist began the quest for the
                  | Orb.
     0 | D:1      | Reached XP level 1. HP: 13/13 MP: 3/3
    48 | D:1      | Reached skill level 5 in Ice Magic
   253 | D:1      | Reached XP level 2. HP: 19/19 MP: 1/5
   845 | D:1      | Reached XP level 3. HP: 24/24 MP: 5/7
   883 | D:1      | HP: 1/24 [jackal (2)]
  1556 | D:2      | Found a faded altar of an unknown god.
  2103 | D:3      | Reached XP level 4. HP: 29/30 MP: 6/9
  2274 | D:3      | Learned a level 3 spell: Frozen Ramparts
  2278 | D:3      | Learned a level 3 spell: Ozocubu's Armour
  2391 | D:3      | Reached XP level 5. HP: 11/35 MP: 2/11
  3534 | D:4      | Noticed a black bear
  3535 | D:4      | Found an iron altar of Okawaru.
  3543 | D:4      | Killed a black bear
  3544 | D:4      | Reached skill level 5 in Spellcasting
  3544 | D:4      | Reached skill level 2 in Fighting
  3544 | D:4      | Reached XP level 6. HP: 46/46 MP: 3/13
  3632 | D:4      | Reached skill level 3 in Fighting
  4144 | D:4      | Found a staircase to the Ecumenical Temple.
  4170 | D:4      | Reached skill level 4 in Fighting
  4183 | Temple   | Entered the Ecumenical Temple
  4653 | Temple   | Became a worshipper of Sif Muna the Loreminder
  4871 | D:5      | Entered Level 5 of the Dungeon
  4883 | D:5      | Noticed an ice beast
  5033 | D:5      | Reached skill level 5 in Fighting
  5033 | D:5      | Reached XP level 7. HP: 35/57 MP: 8/14
  5177 | D:5      | Reached skill level 6 in Fighting
  5626 | D:5      | Noticed Grinder
  5630 | D:5      | Reached skill level 7 in Fighting
  5630 | D:5      | Paralysed by Grinder for 5 turns
  5728 | D:5      | Found Pusajar's Book Boutique.
  5808 | D:5      | Identified the +6 scale mail of Poizyez {Regen+}
  5811 | D:5      | Found Sifodo's Weapon Emporium.
  5837 | D:5      | Found a runed translucent door.
  5837 | D:5      | Noticed Crazy Yiuf
  5946 | D:5      | You fall into a shaft and drop 1 floor!
  6231 | D:5      | Found Igeisic's Book Boutique.
  6256 | D:5      | Paralysed by Grinder for 4 turns
  6264 | D:5      | Paralysed by Grinder for 3 turns
  6274 | D:5      | Paralysed by Grinder for 2 turns
  6293 | D:5      | HP: 1/61 [Grinder (10)]
  6293 | D:5      | Slain by Grinder

Illustrated notes

Levels and vault maps discovered:
D:1:      spicycebolla_arrival_transporter_tutorial, layout_rooms
D:2:      layout_loops_ring, hellmonk_ecumenical_altar_blasted
D:3:      layout_rooms, serial_glass, glass_columns_b, glass_columns_a
D:4:      nicolae_cairo_tiling_large, layout_gridville, okawaru_trees_1,
          minmay_temple_entry_mini_moons
D:5:      layout_layer_cave, serial_shops, nicolae_shop_stone, shop, shop,
          nicolae_shop_temple_entry_statues_fountains, kennysheep_mini,
          fountainhead, uniq_crazy_yiuf_cottage, uniq_grinder
D:6:      layout_loops_cross, amcnicky_mini_pool_small
Temple:   mainiacjoe_temple_cubbyholes

Skill      XL: |  1  2  3  4  5  6  7 |
---------------+----------------------+-----
Ice Magic      | 5 6 |  6.0
Spellcasting   | 3 4 5 |  5.0
Fighting       | 2 5 7 |  7.7
Dodging        | |  2.1
Stealth        | |  1.7

Action                   |  1- 3 |  4- 6 |  7- 9 || total
-------------------------+-------+-------+-------++-------
Melee: Unarmed           |    29 |    19 |     9 ||    57
 Cast: Freeze            |    55 |    74 |    13 ||   142
       Frozen Ramparts   |       |     7 |     6 ||    13
       Ozocubu's Armour  |       |     2 |     1 ||     3
 Abil: Hop               |       |       |     1 ||     1
Evoke: Wand              |       |       |     3 ||     3
  Use: Scroll            |     1 |       |    10 ||    11
       Potion            |     1 |       |     3 ||     4
 Stab: Sleeping          |     1 |       |       ||     1
Armor: Robe              |    38 |    11 |     8 ||    57
Dodge: Dodged            |    86 |    97 |    18 ||   201

Table legend: (Time is in decaauts)
 A = Elapsed time spent in this place.
 B = Non-inter-level travel time spent in this place.
 C = Inter-level travel time spent in this place.
 D = Time resting spent in this place.
 E = Time spent auto-exploring this place.
 F = Levels seen in this place.
 G = Mean time per level.
                   A        B        C        D        E       F      G
               +--------+--------+--------+--------+--------+-----+--------+
         Total |   6899 |   6483 |    416 |    569 |   5049 |   7 |  985.6 |
       Dungeon |   6313 |   6040 |    273 |    569 |   4620 |   6 | 1052.2 |
        Temple |    585 |    443 |    142 |      0 |    428 |   1 |  585.0 |
               +--------+--------+--------+--------+--------+-----+--------+

Top non-repeatable levels by time:
     D:4: 2363 daAuts
     D:1: 1382 daAuts
     D:2: 891 daAuts
     D:3: 822 daAuts
     D:5: 785 daAuts
  Temple: 585 daAuts
     D:6: 67 daAuts
